[Event "Early-Titled-Tuesday-Blitz-February-20-2024"]
[Site "Chess.com"]
[Date "2024.02.20"]
[Round "4"]
[White "Fighterman91"]
[Black "Fandorine"]
[Result "0-1"]
[WhiteElo "2774"]
[BlackElo "2967"]
[TimeControl "180+1"]
[EndTime "8:40:23 PST"]
[Termination "Fandorine won on time"]

1. d4 Nf6 2. Nf3 d5 3. Bf4 c5 4.
e3 Nc6 5. Nbd2 e6 6. c3 Be7 7.
h3 Bd6 8. Bxd6 Qxd6 9. Bb5 O-O 10. O-O Bd7 11. Bxc6 Bxc6 12. Ne5 Nd7 13. Nxd7 Bxd7 14.
Qb3 b6 15. Qa3 Rfd8 16. Rad1 Qc7 17. Rfe1 Rac8 18. Nf3 a5 19. Qb3 b5 20. dxc5 Qxc5 21. a3 h6 22. e4 dxe4 23. Rxe4 Bc6 24. Red4 Rd5 25. R1d2 Rcd8 26. Qd1 Bb7 27. Rxd5 Rxd5 28. Rxd5 Bxd5 29. Qd4 Qc4 30. Qxc4 Bxc4 31. Ne5 f6 32. Nc6 a4 33. f3 Kf7 34. Kf2 e5 35. h4 Ke6 36. Ke3 Kd6 37. Nb4 Kc5 38. Na6+ Kd6 39.
Nb4 h5 40. g3 Bb3 41. f4 Bf7 42. Ke4 Bg6+ 43. Ke3 Kc5 44. fxe5 fxe5 45. Kd2 Bh7 46. Na6+ Kc4 47. Nb8 Bf5 48. Nc6 Kd5 49. Ne7+ Ke4 50. Nc6 Bd7 51. Nb8 Be6 52. Na6 Kf3 53. Nc5 Bc4 54.
Nd7 e4 55. Ne5+ Kf2 56. Kc2 e3 57. g4 e2 0-1

[Event "Early-Titled-Tuesday-Blitz-February-20-2024"]
[Site "Chess.com"]
[Date "2024.02.20"]
[Round "4"]
[White "BardArtem"]
[Black "Rud_Makarian"]
[Result "0-1"]
[WhiteElo "2774"]
[BlackElo "3083"]
[TimeControl "180+1"]
[EndTime "8:40:23 PST"]
[Termination "Rud_Makarian won by resignation"]

1. e4 c5 2. Nf3 d6 3. c3 Nf6 4.
Be2 g6 5. O-O Bg7 6. Re1 O-O 7.
Bf1 Bg4 8. h3 Bxf3 9. Qxf3 Nc6 10. d3 Rb8 11. a4 a6 12. Be3 Nd7 13. Nd2 b5 14. axb5 axb5 15. Rac1 b4 16. Qd1 Ra8 17.
g3 Ra2 18. Nc4 Nb6 19. Qb3 Ra8 20. Ra1 Nxc4 21. Qxc4 Qb6 22. Kg2 Ra5 23. Rac1 bxc3 24. bxc3 Ne5 25. Qb4 Rb5 26. Qa4 Qb7 27. f4 Ra8 28.
Qd1 Nd7 29. Kg1 Ra3 30. Bd2 Rbb3 31. Bg2 Bxc3 32. e5 Qb4 33. Bxc3 Rxc3 34. Rxc3 Qxc3 35. exd6 Qd4+ 36. Kh2 Qxd6 37. Qe2 e6 38. Rd1 h5 39.
h4 Nf6 40. Bf3 Qd4 41. Kg2 Kg7 42. Rc1 Rxd3 43. Qe1 Rd2+ 44. Kh1 c4 45. Qe5 Qxe5 46. fxe5 Nd7 47. Rxc4 Nxe5 48. Rc3 Nxf3 49. Rxf3 f5 50. Ra3 Kf6 51. Kg1 g5 52. hxg5+ Kxg5 53. Ra4 Re2 54. Rb4 Re4 55. Rb8 h4 56. Rf8 hxg3 0-1

[Event "Early-Titled-Tuesday-Blitz-February-20-2024"]
[Site "Chess.com"]
[Date "2024.02.20"]
[Round "4"]
[White "PavelShkapenko"]
[Black "Anton_Demchenko"]
[Result "0-1"]
[WhiteElo "2710"]
[BlackElo "2913"]
[TimeControl "180+1"]
[EndTime "8:40:23 PST"]
[Termination "Anton_Demchenko won by resignation"]

1. e4 e5 2. d4 exd4 3. Qxd4 Nc6 4. Qd3 Nf6 5. Nc3 Bc5 6. Bf4 O-O 7. Nf3 Ng4 8. Bg3 d6 9. h3 Nge5 10. Nxe5 dxe5 11. Qxd8 Rxd8 12. Nd5 Nb4 13. Nxb4 Bxb4+ 14. c3 Bd6 15. Bc4 Kf8 16. O-O-O Ke7 17. Rd2 Rb8 18. Rhd1 f6 19. Kc2 b5 20. Bd5 a5 21. f3 Be6 22. Bf2 Bxd5 23. Rxd5 a4 24. Be3 Ke6 25. Bc5 g6 26. Ba7 Rb7 27. Bc5 f5 28. Bxd6 cxd6 29.
f4 Rdd7 30. fxe5 dxe5 31. exf5+ gxf5 32. Rc5 Rxd1 33. Kxd1 f4 34. Ke2 Kf5 35. Kf3 b4 36. c4 b3 37. axb3 Rxb3+ 38. Ke2 Rxb2+ 39. Kd3 Rxg2 40. Ra5 a3 41. c5 Rg3+ 42. Kc4 f3 43. Rxa3 f2 44.
Rxg3 f1=Q+ 45. Kb4 Qe1+ 46. Rc3 Ke4 47. Kb3 Qb1+ 48.
Kc4 Qa2+ 49. Kb4 Kd4 50. Rb3 Qd2+ 51. Kb5 Qe2+ 52. Kb6 Qc4 53. Rb5 Kd5 54. h4 e4 55.
c6+ Kd6 56. c7 Qxc7+ 57. Ka6 Qc6+ 58. Rb6 e3 0-1

[Event "Early-Titled-Tuesday-Blitz-February-20-2024"]
[Site "Chess.com"]
[Date "2024.02.20"]
[Round "4"]
[White "BlueWizzard"]
[Black "AmanteDeMoi"]
[Result "0-1"]
[WhiteElo "2888"]
[BlackElo "2617"]
[TimeControl "180+1"]
[EndTime "8:40:23 PST"]
[Termination "AmanteDeMoi won on time"]

1. d4 g6 2. Nc3 Bg7 3. Nf3 d6 4. g3 e5 5. dxe5 dxe5 6. Qxd8+ Kxd8 7. Be3 f6 8. O-O-O+ Nd7 9. g4 c6 10. h4 Kc7 11. h5 Nh6 12. Bh3 g5 13. Nd2 b5 14.
Nde4 Nf7 15. h6 Nxh6 16. Ng3 Bf8 17. Nh5 Nf7 18. Bg2 Nd6 19. a4 b4 20. Nb5+ Nxb5 21. axb5 Bb7 22. Rd3 Nb6 23. Nxf6 cxb5 24. Bxb7 Kxb7 25.
Rxh7+ Rxh7 26. Nxh7 Be7 27. Bxg5 Bxg5+ 28. Nxg5 Rg8 29.
Nf7 e4 30. Nd6+ Kc6 31. Nxe4 Rxg4 32. Ng3 Nd5 33. Rf3 a5 34. Rf8 a4 35. Rc8+ Kb6 36. Rd8 Kc5 37. Kd2 a3 38. Kc1 Rh4 39. Ra8 Nb6 40.
Ra6 Na4 41. b3 Nc3 42. Kd2 Rd4+ 43. Ke3 Rd1 44. Ne4+ Nxe4 45. Kxe4 Rd2 46. Ke3 Rxc2 47. f4 Rc3+ 48. Ke4 Rxb3 49. f5 Rb2 50. Kf3 Rb1 51. Kf2 Rh1 52. f6 Rh6 53. e4 b3 54. Rxa3 Kb4 55. Ke3 Kxa3 0-1

[Event "Early-Titled-Tuesday-Blitz-February-20-2024"]
[Site "Chess.com"]
[Date "2024.02.20"]
[Round "4"]
[White "Chess4always"]
[Black "ZuraTqebuchava"]
[Result "0-1"]
[WhiteElo "1977"]
[BlackElo "2256"]
[TimeControl "180+1"]
[EndTime "8:40:28 PST"]
[Termination "ZuraTqebuchava won by resignation"]

1. d4 g6 2. Nf3 Bg7 3. c3 c6 4.
Bf4 d6 5. Nbd2 Nf6 6. Bg3 O-O 7. e4 Bg4 8. h3 Bxf3 9. Qxf3 Nbd7 10. Bd3 e5 11.
O-O Qe7 12. Rfe1 Rad8 13. Rad1 Rfe8 14. dxe5 Nxe5 15. Bxe5 dxe5 16. Bc4 Nh5 17. Nf1 Nf4 18.
Ng3 a5 19. Ne2 Ne6 20. Qe3 b5 21. Bb3 a4 22. Bxe6 Qxe6 23. a3 Qb3 24. Qc1 h5 25. Ng3 Kh7 26. Kh2 Bh6 27. Qb1 Bf4 28. Kg1 Bxg3 29.
fxg3 Qc4 30. Kh2 Qc5 31. Rf1 Kg7 32. Qc2 Qe3 33. Rde1 Rd2 34. Rxe3 Rxc2 35. Ref3 Re7 36. R1f2 Rxf2 37. Rxf2 Rd7 38. g4 hxg4 39. hxg4 Rd1 40. Kg3 Re1 41. Kf3 Kf6 42. Rd2 Kg5 43. Rd6 Rf1+ 44. Ke3 Rb1 45. Rxc6 Rxb2 46. Rc7 f6 47. Rb7 Rb3 48. Kd3 Rxa3 49. Rxb5 Kxg4 50. Rb6 Kg5 51. Kc4 Ra2 52. Ra6 a3 53. Kd5 Rxg2 54. c4 a2 55. Ke6 Rc2 56. Kd5 Kf4 57. c5 f5 58. exf5 gxf5 59. c6 e4 60. Ke6 e3 61. Ra5 Rxc6+ 62. Kd5 Rc2 63. Ke6 a1=Q 64. Rxa1 Ke4 65. Rf1 f4 66. Kf6 f3 67. Kg5 e2 68. Re1 f2 0-1

[Event "Early-Titled-Tuesday-Blitz-February-20-2024"]
[Site "Chess.com"]
[Date "2024.02.20"]
[Round "4"]
[White "Bauman_Guy"]
[Black "JonaszBaum"]
[Result "1-0"]
[WhiteElo "2910"]
[BlackElo "2687"]
[TimeControl "180+1"]
[EndTime "8:40:30 PST"]
[Termination "Bauman_Guy won by checkmate"]

1. e4 e6 2. d4 d5 3. Nc3 Bb4 4.
e5 c5 5. a3 Bxc3+ 6. bxc3 Ne7 7. Qg4 Qc7 8. Bd3 c4 9. Be2 Qa5 10. Bd2 Nf5 11. Qh3 Nc6 12. Nf3 Bd7 13. a4 b5 14. g4 Nfe7 15. O-O bxa4 16. Qg3 Rb8 17. Ra2 Rb6 18. Rfa1 Nb8 19. Ne1 Kd8 20.
Bc1 Kc7 21. Ba3 Nc8 22. Bb4 Qa6 23. Qf4 Be8 24. Nf3 Qb7 25. Ng5 h6 26. Bd6+ Nxd6 27. exd6+ Rxd6 28. Nxf7 Bxf7 29. Qxf7+ Rd7 30. Qf4+ Kc8 31.
Rxa4 Nc6 32. g5 a5 33. Bg4 Re8 34. g6 Qc7 35. Qe3 Rde7 36. R4a2 Qb6 37. f4 Kc7 38. Kh1 Rf8 39. Re1 Rf6 40. Bh5 Rf5 41.
Bf3 Rf6 42. Rg1 Kb7 43. Raa1 Qc7 44. Rab1+ Kc8 45. f5 exf5 46. Qd2 Rfe6 47. Rg2 Re3 48. Bxd5 f4 49. Rf1 a4 50. Bxc4 f3 51. Rgf2 a3 52.
Rxf3 Rxf3 53. Rxf3 Ne5 54. Rf8+ Kb7 55. Bd5+ Nc6 56.
Qc1 Qb6 57. Qxa3 Rd7 58. Bg2 Qb1+ 59. Rf1 Qxc2 60. Qc5 Rc7 61. d5 Nb8 62. Qb5+ Kc8 63. Rf8# 1-0

[Event "Early-Titled-Tuesday-Blitz-February-20-2024"]
[Site "Chess.com"]
[Date "2024.02.20"]
[Round "4"]
[White "Bilan_Danila"]
[Black "Jamal-Jamal-Jamal"]
[Result "0-1"]
[WhiteElo "2469"]
[BlackElo "2275"]
[TimeControl "180+1"]
[EndTime "8:40:30 PST"]
[Termination "Jamal-Jamal-Jamal won by resignation"]

1. d4 f5 2. Nf3 e6 3. g3 Nf6 4. Bg2 Be7 5. O-O O-O 6. c4 d6 7. Nc3 Ne4 8. Qc2 Nxc3 9. Qxc3 a5 10. b3 Nc6 11. Bb2 Bf6 12. Qd2 e5 13. Rad1 Qe8 14. dxe5 dxe5 15. Ng5 Qh5 16. h4 h6 17. Bd5+ Kh8 18.
Ne6 Bxe6 19. Bxe6 f4 20. Qd3 Bxh4 21. gxh4 f3 22. exf3 Rf4 23. Bg4 Qxh4 24. Rde1 h5 25.
Kg2 Qg5 26. Rh1 g6 27. Bxe5+ Nxe5 28. Rxe5 Qxe5 29. Qxg6 Qg7 30. Rxh5+ Kg8 31. Qe6+ Kf8 32. Qd5 Re8 33. Rg5 Qf7 34. Qc5+ Re7 35. Qxa5 Qf6 36. Rd5 c6 37. Rd8+ Kf7 38. Qh5+ Qg6 39. Qh8 Rxg4+ 40.
fxg4 Qxg4+ 41. Kh2 Qf4+ 42. Kg2 Qg4+ 43. Kh2 Qf4+ 44.
Kh3 Qf3+ 45. Kh2 Qxf2+ 46. Kh3 Re3+ 47. Kg4 Qg3+ 48. Kf5 Qf3+ 49. Kg5 Qg3+ 50. Kh5 Re5+ 51. Qxe5 Qxe5+ 52. Kg4 Qe4+ 53. Kg3 Qe3+ 54. Kg2 Qe2+ 55. Kg3 Qe3+ 56. Kg2 Qe7 57. Rd3 Qc5 58. Kf3 Kf6 59. Ke2 Qb4 60. Rh3 Ke5 61. Kd3 Qa3 62. Rh5+ Kd6 63. Rh2 Kc5 64. Rg2 Kb4 65. Rg7 b6 66. Rb7 Kc5 67. Rg7 Qxa2 68. Rg5+ Kb4 69. Rg3 Qxb3+ 0-1

[Event "Early-Titled-Tuesday-Blitz-February-20-2024"]
[Site "Chess.com"]
[Date "2024.02.20"]
[Round "4"]
[White "Raffael89"]
[Black "Chemim21"]
[Result "1-0"]
[WhiteElo "1849"]
[BlackElo "2209"]
[TimeControl "180+1"]
[EndTime "8:40:30 PST"]
[Termination "Raffael89 won on time"]

1. e4 e5 2. Nf3 Nc6 3. Bb5 a6 4. Ba4 b5 5. Bb3 Na5 6. O-O d6 7. d4 Nxb3 8. axb3 f6 9. dxe5 dxe5 10. Nc3 Qxd1 11. Rxd1 Bb7 12. Nd5 O-O-O 13. c4 Ne7 14. Be3 bxc4 15. bxc4 Nc6 16. Rdb1 Ne7 17. b4 Nxd5 18.
cxd5 g5 19. h3 h5 20. b5 axb5 21. Rxb5 c6 22. Rc1 c5 23. Bxc5 Bxc5 24. Rcxc5+ Kb8 25. Rb6 g4 26. hxg4 hxg4 27. Nd2 Rd7 28. Rcb5 Ka7 29. Rxf6 Rc8 30. Ra5+ Kb8 31. Kf1 Rc1+ 32. Ke2 Rc2 33. Rb5 Ka7 34. Rfb6 Ba6 35. Ke3 Bxb5 36. Rxb5 Rc3+ 37.
Ke2 Rf7 38. f3 g3 39. d6 Rc2 40. Rxe5 Rd7 41. Re7 Rxe7 42. dxe7 Rc8 43. f4 Re8 44. Kf3 Rxe7 45. Kxg3 Rd7 46. Nc4 Kb7 47. Kf3 Kc7 48.
Ne5 Rd1 49. Kg4 Kd6 50. Kf5 Ke7 51. g4 Rf1 52. g5 Kf8 53. g6 Rf2 54. Ng4 Rf1 55. Kg5 Kg7 56. f5 Re1 57. f6+ Kf8 58. Kf5 Rf1+ 59. Ke6 Rf4 60. Nh6 Rxe4+ 61. Kf5 1-0

[Event "Early-Titled-Tuesday-Blitz-February-20-2024"]
[Site "Chess.com"]
[Date "2024.02.20"]
[Round "4"]
[White "lasRojas"]
[Black "Zq1"]
[Result "0-1"]
[WhiteElo "2287"]
[BlackElo "2512"]
[TimeControl "180+1"]
[EndTime "8:40:32 PST"]
[Termination "Zq1 won by checkmate"]

1. e4 c5 2. Nf3 d6 3. d4 cxd4 4. Nxd4 Nf6 5. Nc3 Nc6 6. Bc4 Bd7 7. Nxc6 bxc6 8. Bg5 g6 9. Qf3 Bg7 10. Bxf6 Bxf6 11.
e5 dxe5 12. O-O-O Qc8 13. Ne4 Bf5 14. Nxf6+ exf6 15. Rd6 O-O 16. Rxf6 e4 17. Qb3 Qc7 18. Qg3 Qxg3 19. hxg3 Rac8 20. Rd1 Kg7 21. Rdd6 Be6 22.
Bxe6 fxe6 23. Rfxe6 Rxf2 24. Re7+ Rf7 25. Rxf7+ Kxf7 26. Kd2 Ke7 27. Rd4 Rf8 28. Rxe4+ Kd6 29. Rf4 Rh8 30. Rf7 a5 31. Kd3 Ke5 32. Ke3 h5 33. Re7+ Kf5 34. Rc7 Re8+ 35. Kf3 Re6 36. Rf7+ Kg5 37. Ra7 Re5 38. a4 Rf5+ 39. Ke2 Rc5 40.
Kd3 Kg4 41. Rg7 g5 42. Rh7 Kxg3 43. Rxh5 Kxg2 44. Kd4 Rd5+ 45. Kc4 g4 46. Rh8 g3 47. b4 axb4 48. Kxb4 Kf2 49. Rf8+ Kg1 50. a5 Rb5+ 51. Ka4 Rb1 52. a6 Ra1+ 53. Kb3 Rxa6 54. Kc3 g2 55. Kd2 Ra5 56. Rf7 Rh5 57. Ke2 Kh1 58.
Rf1+ gxf1=N 59. Kxf1 Rd5 60. Ke2 c5 61. c4 Rd8 62.
Ke3 Rd4 63. Ke2 Rxc4 64. Ke3 Rd4 65. Ke2 Rd8 66. Ke3 c4 67. Ke2 c3 68. Ke3 c2 69.
Ke2 c1=R 70. Ke3 Rc7 71. Ke2 Re7+ 72. Kf3 Rf8+ 73. Kg4 Rg7+ 74. Kh5 Rh8# 0-1

[Event "Early-Titled-Tuesday-Blitz-February-20-2024"]
[Site "Chess.com"]
[Date "2024.02.20"]
[Round "4"]
[White "lucasran"]
[Black "atalz0"]
[Result "1-0"]
[WhiteElo "2641"]
[BlackElo "2408"]
[TimeControl "180+1"]
[EndTime "8:40:34 PST"]
[Termination "lucasran won on time"]

1. Nf3 Nf6 2. c4 e6 3. g3 d5 4. Bg2 dxc4 5. Qa4+ Nbd7 6. Qxc4 c5 7. O-O b6 8. Nd4 Ne5 9. Qb3 Rb8 10. Nc6 Nxc6 11.
Bxc6+ Bd7 12. Bg2 Bd6 13. d3 O-O 14. a4 a6 15. Nd2 b5 16. axb5 axb5 17. Ra6 Rb6 18.
Rxb6 Qxb6 19. Nc4 Qc7 20. Nxd6 Qxd6 21. Qa3 Qb6 22. Be3 b4 23. Qb3 Rc8 24. Rc1 Qd6 25. Qc4 Qe5 26. d4 Qb8 27. dxc5 Nd5 28. Bxd5 exd5 29. Qxd5 Bc6 30. Qd6 Qb5 31. Qd3 Qb7 32.
f3 Qe7 33. Kf2 Rd8 34. Qc4 Re8 35. Qd4 Rd8 36. Qxb4 Re8 37. Qd4 Rd8 38. Qc3 Qe6 39. Kg2 h5 40. h4 Bd7 41. Kg1 Qh3 42. Bf2 Bc6 43. Qc2 Re8 44. Rd1 Qe6 45. Rd6 Qc8 46. Qd2 Bb5 47. e4 Qa8 48. Kg2 Qa1 49. Rd8 Qf1+ 50. Kh2 Rxd8 51. Qxd8+ Kh7 52. Qd2 Be2 53. Bg1 Bxf3 54. Qf2 Qd3 55. e5 Bd5 56. Qe3 Qc4 57.
Qd2 1-0

[Event "Early-Titled-Tuesday-Blitz-February-20-2024"]
[Site "Chess.com"]
[Date "2024.02.20"]
[Round "4"]
[White "pooh2012"]
[Black "JaackCamel"]
[Result "1-0"]
[WhiteElo "2538"]
[BlackElo "2193"]
[TimeControl "180+1"]
[EndTime "8:40:35 PST"]
[Termination "pooh2012 won on time"]

1. d4 d5 2. Nf3 e6 3. c4 c6 4. b3 Nf6 5. a3 Bd6 6. Bb2 O-O 7.
e3 b6 8. Bd3 a5 9. Qe2 Bb7 10.
Nbd2 Nbd7 11. e4 dxe4 12. Nxe4 Be7 13. Rd1 Qc7 14. O-O Rad8 15. Ng3 c5 16. Bb1 Rfe8 17. Rfe1 cxd4 18. Nxd4 e5 19. Nb5 Qb8 20. Nf5 Bf8 21. Nfd6 Re6 22. Nxb7 Qxb7 23. Bf5 Ree8 24. Nd6 Bxd6 25.
Rxd6 Nc5 26. Rxd8 Rxd8 27. b4 axb4 28. axb4 Ncd7 29. Rd1 Re8 30. f3 Nf8 31. Bxe5 N6d7 32. Bxd7 Nxd7 33. f4 f6 34. Qh5 g6 35. Qh3 Nxe5 36. fxe5 Qe4 37. exf6 Qe2 38. Qf3 Qxc4 39. f7+ Qxf7 40. Qxf7+ Kxf7 41. Rd6 Re6 42. Rd7+ Re7 43. Rd6 Re6 44. Rd5 Kf6 45. Kf2 Re4 46. Rd6+ Re6 47. Rd5 Re4 48. Rb5 Re6 49. Kf3 h6 50. h4 h5 51. Kf4 Kg7 52. g3 Rc6 53. Ke5 Rc3 54.
Rxb6 Rxg3 55. Rb7+ Kh6 56. Rb8 Rf3 57. b5 Rh3 58. b6 Rxh4 59. b7 Rb4 60. Rh8+ Kg7 61.
b8=Q Rxb8 62. Rxb8 Kh6 63. Kf6 Kh7 64. Rb7+ Kh6 65.
Rg7 1-0

[Event "Early-Titled-Tuesday-Blitz-February-20-2024"]
[Site "Chess.com"]
[Date "2024.02.20"]
[Round "4"]
[White "JonSnowNW1"]
[Black "Leonid_Starozhilov"]
[Result "1-0"]
[WhiteElo "2503"]
[BlackElo "2683"]
[TimeControl "180+1"]
[EndTime "8:40:36 PST"]
[Termination "JonSnowNW1 won by checkmate"]

1. c4 Nf6 2. Nc3 g6 3. g3 Bg7 4. Bg2 O-O 5. Nf3 d6 6. O-O c6 7. Rb1 a6 8. b4 b5 9. c5 dxc5 10.
bxc5 Nfd7 11. Ne4 a5 12. d4 Nf6 13. Nxf6+ Bxf6 14. Bh6 Re8 15. e4 Bg4 16. e5 Bg7 17. Bxg7 Kxg7 18. h3 Bxf3 19. Bxf3 e6 20. Rxb5 cxb5 21.
Bxa8 Qc7 22. Bg2 Rd8 23. Qg4 Nc6 24. Rd1 h5 25. Qf4 Nb4 26. Qf6+ Kg8 27. g4 h4 28. a3 Nc2 29. d5 Re8 30. d6 Qxc5 31.
d7 Rf8 32. d8=Q b4 33. Qxf8+ Qxf8 34. axb4 a4 35. Rd8 a3 36. Rxf8+ Kxf8 37. Qd8+ Kg7 38. Qa5 g5 39. Be4 Nd4 40. Qxa3 f6 41. exf6+ Kxf6 42. Qc3 e5 43. Qc8 Ke7 44. Qc7+ Ke6 45. Bf5+ Kd5 46. Qd7+ Kc4 47. b5 Kc5 48. Qe7+ Kxb5 49. Qxe5+ Kc4 50.
Be6+ Kc3 51. Qe3+ Kc2 52. Qxd4 Kc1 53. Qe3+ Kd1 54. Qxg5 Ke2 55. Qxh4 Kf3 56. Qg5 Ke2 57. h4 Ke1 58. h5 Ke2 59. h6 Ke1 60. h7 Ke2 61.
h8=Q Ke1 62. Qhe5+ Kd1 63. Qd4+ Ke2 64. Qge5+ Kf3 65. Qee3# 1-0

[Event "Early-Titled-Tuesday-Blitz-February-20-2024"]
[Site "Chess.com"]
[Date "2024.02.20"]
[Round "4"]
[White "fighter2jz"]
[Black "Chessdreamer2020"]
[Result "1-0"]
[WhiteElo "2777"]
[BlackElo "2551"]
[TimeControl "180+1"]
[EndTime "8:40:44 PST"]
[Termination "fighter2jz won on time"]

1. Nf3 d6 2. c4 e5 3. Nc3 g6 4. h4 h6 5. d4 Nd7 6. dxe5 dxe5 7.
Be3 Ngf6 8. Qc2 Ng4 9. O-O-O Nxe3 10. fxe3 Bg7 11. h5 g5 12. g3 c6 13. Bh3 Qe7 14.
Ne4 O-O 15. Nd6 Nb6 16. Bxc8 Nxc8 17. Nf5 Qe6 18. e4 Nb6 19. c5 Nc8 20. Kb1 b6 21. a3 Rb8 22. Rd3 bxc5 23. Qxc5 Rb5 24. Qc2 Nb6 25. Rd6 Qb3 26. Qxb3 Rxb3 27. Ka2 Rb5 28.
b3 Kh7 29. Rxc6 Rd8 30. Rhc1 Bf8 31. Rc7 Kg8 32. Rxa7 Rb8 33. Rcc7 Nc8 34. b4 Nxa7 35. Rxa7 Rc8 36. Ne1 Rc1 37. Nd3 Rc2+ 38. Kb3 Rxe2 39.
Ra8 Rb6 40. Nc5 Rd2 41. Kc3 Rd1 42. Kc2 Rdd6 43. Nxd6 Rxd6 44. Nd3 f6 45. Nc5 Kf7 46. Ra7+ Kg8 47. Rd7 Rc6 48. Rd5 Kf7 49. Kb3 Bxc5 50. Rxc5 Rd6 51. b5 Rd3+ 52. Rc3 Rd1 53. a4 Rb1+ 54. Kc4 f5 55. exf5 Kf6 56. Kc5 Kxf5 57. b6 1-0

[Event "Early-Titled-Tuesday-Blitz-February-20-2024"]
[Site "Chess.com"]
[Date "2024.02.20"]
[Round "4"]
[White "only_strong_moves"]
[Black "Jojo_898"]
[Result "0-1"]
[WhiteElo "2643"]
[BlackElo "2465"]
[TimeControl "180+1"]
[EndTime "8:40:44 PST"]
[Termination "Jojo_898 won by resignation"]

1. e4 d6 2. d4 Nf6 3. Nc3 g6 4.
Bg5 Bg7 5. e5 Nfd7 6. f4 f6 7.
exf6 exf6 8. Bh4 O-O 9. Bc4+ Kh8 10. Nge2 Nb6 11. Bd3 Nc6 12. O-O Ne7 13. Ng3 Bd7 14.
Qd2 f5 15. Kh1 Rf7 16. Rae1 Qf8 17. Nd1 c5 18. dxc5 dxc5 19. c3 Bc6 20. Be2 Rd8 21.
Qc2 Rd7 22. Bf3 Ned5 23. Ne3 Bf6 24. Bxf6+ Rxf6 25. Nxd5 Nxd5 26. Re5 Ne7 27. Qe2 Bxf3 28. Qxf3 Nc6 29. Re2 Re7 30. Rd2 Rfe6 31. h3 Qf7 32.
Kh2 Re3 33. Qd5 Qxd5 34. Rxd5 Kg7 35. Rxc5 h5 36. Rf2 Rd7 37. h4 Rdd3 38. Nf1 Re1 39. b4 a6 40. a4 Kf6 41. b5 axb5 42. axb5 Ne7 43. Ng3 Ree3 44. Ne2 Rd2 45. Re5 Rxe5 46. fxe5+ Kxe5 47. Kg1 Nd5 48. c4 Ne3 49. Nc3 Rxf2 50. Kxf2 Nxc4 51. Na4 Nd6 52. Nc5 Kd5 53. Nd7 Nxb5 54.
Nf8 Nd6 55. Nxg6 Ne8 56. Kf3 Ng7 57. Kf4 b5 58. Kg5 b4 59. Nf4+ Kd4 60. Ne2+ Kd3 61. Nc1+ Ke3 62. Nb3 Kf2 63. Kg6 Kxg2 64. Kxg7 f4 65.
Kg6 f3 66. Kxh5 f2 67. Kg6 f1=Q 68. h5 Qd3+ 69. Kg7 Qxb3 70. h6 Qg3+ 71. Kh7 b3 72.
Kh8 Qh3 73. h7 Qxh7+ 74. Kxh7 b2 75. Kh8 b1=Q 76. Kg8 Qb7 77. Kh8 Kf3 78. Kg8 Ke4 79. Kh8 Kf5 0-1

[Event "Early-Titled-Tuesday-Blitz-February-20-2024"]
[Site "Chess.com"]
[Date "2024.02.20"]
[Round "4"]
[White "Makswolf200817"]
[Black "Sam_ChessMood"]
[Result "0-1"]
[WhiteElo "2749"]
[BlackElo "2943"]
[TimeControl "180+1"]
[EndTime "8:40:45 PST"]
[Termination "Sam_ChessMood won by checkmate"]

1. d4 Nf6 2. c4 g6 3. g3 Bg7 4. Bg2 O-O 5. Nc3 d6 6. Nf3 c6 7. O-O Bf5 8. Nh4 Be6 9. d5 Bd7 10.
Be3 cxd5 11. cxd5 Na6 12. Bd4 b5 13. Ne4 Nxe4 14. Bxg7 Kxg7 15. Bxe4 Nc5 16. Bg2 a5 17. Nf3 b4 18. h4 Qb6 19. h5 a4 20. Qd4+ f6 21.
Rac1 b3 22. a3 Rac8 23. Qe3 Qd8 24. Rc4 Qe8 25. Rfc1 Qf7 26. Nd4 Rfe8 27. Bf3 f5 28. h6+ Kg8 29. Bg2 Qf6 30. R4c3 Rf8 31. f4 Rfe8 32. Kf1 Qf8 33. Nf3 Qxh6 34. Ng5 Qg7 35. Qd2 h6 36. Nh3 Qf6 37. Nf2 Bb5 38. Kg1 Rc7 39. Bh3 h5 40. Kh2 Rec8 41. e4 Bd7 42. Qe3 Na6 43. e5 Qf8 44. Bf1 Rxc3 45. Rxc3 Rxc3 46.
Qxc3 Nc5 47. Bc4 Kh7 48. Qd4 h4 49. gxh4 Qh6 50. Kg3 Qh5 51. Qe3 Ne4+ 52. Nxe4 Qg4+ 53.
Kf2 fxe4 54. Qxe4 Qxh4+ 55. Ke3 Qe1+ 56. Kd4 Qd2+ 57. Bd3 Qxb2+ 58. Kc4 Bf5 59. Qh1+ Kg7 60. Bxf5 gxf5 61. Qg1+ Kf8 62. Qg5 Qc2+ 63. Kb4 b2 64. Qh6+ Ke8 65. Qh8+ Kd7 66. e6+ Kc7 67. Ka5 Qc5+ 68.
Ka6 Qb6# 0-1

[Event "Early-Titled-Tuesday-Blitz-February-20-2024"]
[Site "Chess.com"]
[Date "2024.02.20"]
[Round "4"]
[White "Ali_rastbod"]
[Black "Eagle_2019"]
[Result "0-1"]
[WhiteElo "2691"]
[BlackElo "2876"]
[TimeControl "180+1"]
[EndTime "8:40:46 PST"]
[Termination "Eagle_2019 won by resignation"]

1. d4 Nf6 2. Nc3 d5 3. Bf4 c5 4. e4 Nxe4 5. Nxe4 dxe4 6. dxc5 Qa5+ 7. c3 Qxc5 8. Qa4+ Nc6 9. Qxe4 g6 10. Nf3 Bg7 11.
Qe3 Qxe3+ 12. Bxe3 O-O 13. Bd3 Rd8 14. Be4 Bf5 15.
Bxf5 gxf5 16. Rd1 e5 17. Ke2 f4 18. Bc1 f6 19. Nh4 Ne7 20. b3 Kf7 21. Ba3 Bf8 22.
Bxe7 Bxe7 23. Nf5 Bf8 24. g4 b5 25. f3 Ke6 26. Rxd8 Rxd8 27. Rc1 a5 28. c4 b4 29. c5 Rc8 30. c6 Kd5 31. c7 Bc5 32. Rd1+ Kc6 33.
Rd8 Rxc7 34. Kd3 Ra7 35. Rc8+ Kd5 36. Rd8+ Kc6 37. Rc8+ Kb5 38. Rb8+ Bb6 39. Nd6+ Kc6 40. Nc4 Rd7+ 41. Ke4 Bc7 42. Ra8 Rd4+ 43. Kf5 e4 44.
fxe4 f3 45. Ke6 Rxe4+ 46. Kf7 f2 47. Ra6+ Kd5 48. Rxf6 Rf4 49. Ne3+ Ke4 50. Nf1 Kf3 51.
g5 Kg2 52. Ne3+ Kxh2 53. Kg7 Kg1 54. Kxh7 Rxf6 55. gxf6 f1=Q 56. Nxf1 Kxf1 57. f7 Bd6 58. Kg6 Ke2 59. Kf5 Kd2 60. Ke6 Bf8 61. Kd5 Kc2 62.
Kc4 Kb2 63. Kb5 Kxa2 64. Ka4 Kb2 65. Kxa5 Kxb3 66. Kb5 Kc3 67. Kc6 b3 68. Kd7 b2 69.
Ke8 Bb4 70. f8=Q Bxf8 71. Kxf8 b1=Q 0-1

[Event "Early-Titled-Tuesday-Blitz-February-20-2024"]
[Site "Chess.com"]
[Date "2024.02.20"]
[Round "4"]
[White "A-Fier"]
[Black "shimastream"]
[Result "1-0"]
[WhiteElo "2811"]
[BlackElo "2971"]
[TimeControl "180+1"]
[EndTime "8:40:47 PST"]
[Termination "A-Fier won by resignation"]

1. Nf3 d5 2. g3 Bg4 3. Bg2 Nd7 4. O-O e5 5. d3 Ngf6 6. h3 Bh5 7. g4 Bg6 8. Nh4 c6 9. e3 Bc5 10. Nd2 Bb6 11.
b3 O-O 12. Bb2 Re8 13. Nxg6 hxg6 14. Nf3 Bc7 15. Qe2 Qe7 16. Nd2 g5 17. Rfe1 e4 18.
Nf1 Ne5 19. Ng3 Ng6 20. Nf5 Qe6 21. dxe4 dxe4 22. Rad1 Be5 23. c4 Rad8 24. Bxe5 Nxe5 25. Rd4 c5 26. Rxd8 Rxd8 27. Rd1 Rd3 28. f3 exf3 29.
Bxf3 Rxd1+ 30. Qxd1 g6 31. Qd8+ Kh7 32. Bd5 Nxd5 33.
cxd5 Qd7 34. Qxd7 Nxd7 35. Nd6 Kg7 36. Nxb7 Kf6 37. Kf2 Ke5 38. Nd8 f6 39. Nc6+ Kxd5 40. Nxa7 f5 41. Nb5 Nf6 42. Nc3+ Kc6 43. Kf3 Nd7 44. Kg3 Nf6 45. a4 Kb6 46. Nb5 Ne4+ 47. Kg2 Ka5 48. Nc7 Kb4 49. Nd5+ Kxb3 50. a5 Nd6 51. a6 Nb5 52. gxf5 gxf5 53. Kf3 c4 54. e4 f4 55. e5 c3 56. Nxc3 Kxc3 57. Kg4 Kd2 58.
e6 f3 59. Kxf3 Nd4+ 60. Kg4 Nxe6 61. a7 Nc7 62. Kxg5 Kc3 63. h4 Kc4 64. h5 Kc5 65. Kf6 Kb6 66. h6 Kxa7 67. h7 Kb6 68. h8=Q Kc6 69.
Qc8 Kd6 70. Qd8+ Kc6 71. Ke5 Nb5 72. Qc8+ Kb6 73. Kd5 Nc7+ 74. Kd4 Nb5+ 75. Ke5 Na7 76. Qd7 Nc6+ 77. Kd6 Nb4 78. Qc7+ Kb5 79. Qc3 Na6 80. Qb2+ Kc4 81. Qe2+ 1-0

[Event "Early-Titled-Tuesday-Blitz-February-20-2024"]
[Site "Chess.com"]
[Date "2024.02.20"]
[Round "4"]
[White "cristiano78"]
[Black "LeoLV10"]
[Result "1/2-1/2"]
[WhiteElo "2286"]
[BlackElo "2492"]
[TimeControl "180+1"]
[EndTime "8:40:49 PST"]
[Termination "Game drawn by stalemate"]

1. d4 Nf6 2. c4 e6 3. Nf3 c5 4. d5 exd5 5. cxd5 d6 6. Nc3 g6 7. h3 Bg7 8. e4 O-O 9. Bd3 b5 10. Nxb5 Re8 11. O-O Nxe4 12. Re1 a6 13.
Na3 Nf6 14. Nc4 Bb7 15. Bf4 Rxe1+ 16. Qxe1 Bxd5 17. Nxd6 Nc6 18. Rc1 Bxf3 19. gxf3 Nd4 20. Be4 Nxe4 21. Qxe4 Qf6 22. Kf1 Rd8 23. Nb7 Rf8 24.
Nxc5 g5 25. Bg3 Nxf3 26. Kg2 Nh4+ 27. Bxh4 gxh4 28. Rc4 Qg5+ 29. Qg4 Qd5+ 30. Qe4 Qd6 31. Nd3 Rd8 32. Nf4 Bxb2 33. Rc6 Qd2 34. Rxa6 Bd4 35. Qf3 Bg7 36. Ra8 Rxa8 37. Qxa8+ Bf8 38. Qe4 Bd6 39. Nd5 Bc5 40. Nf6+ Kg7 41. Nh5+ Kf8 42.
Qa8+ Ke7 43. Qb7+ Ke6 44. Qc6+ Bd6 45. Qe4+ Kd7 46. Qxh4 Qxa2 47. Qg4+ Qe6 48. Nf6+ Ke7 49. Qxe6+ Kxe6 50. Nxh7 Kf5 51. h4 Be7 52. Kh3 f6 53. h5 Kf4 54. Nxf6 Bxf6 55. h6 Bh8 56. h7 Kf5 57.
Kg3 Kg6 58. Kg4 Kxh7 59. Kf5 Kg7 60. f4 Kf7 61. Kg5 Bf6+ 62. Kh5 Ke6 63. Kg6 Bd8 64. f5+ Ke7 65. Kg7 Ke8 66. Kg6 Kd7 67. Kf7 Be7 68.
Kg6 Ke8 69. Kg7 Bf8+ 70. Kg6 Ke7 71. f6+ Ke6 72. f7 Ke7 73. Kf5 Bg7 74. Ke4 Kf8 75.
Kf5 Bf6 76. Kxf6 1/2-1/2